 Dungeon Crawl Stone Soup version 0.29-a0-925-g0a7a3d12f8 (webtiles) character file.

Game seed: 644552521651037654

12908 Pooter the Severer (level 11, -14/99 HPs)
             Began as a Minotaur Berserker on July 28, 2022.
             Was a High Priest of Trog.
             Constricted to death by Jorgrun (17 damage)
             ... on level 2 of the Orcish Mines.
             The game lasted 01:01:29 (10771 turns).

Pooter the Severer (Minotaur Berserker)            Turns: 10771, Time: 01:01:30

Health: -14/99     AC: 15    Str: 27    XL:     11   Next: 68%
Magic:  10/10      EV:  8    Int:  8    God:    Trog [*****.]
Gold:   954        SH:  0    Dex: 13    Spells: 10/10 levels left

rFire   . . .      SeeInvis .   a - +10 war axe of Imevamisch {drain, Str+4 Int+4}
rCold   + . .      Faith    .   (no shield)
rNeg    . . .      Spirit   .   O - +1 plate armour
rPois   .          Reflect  .   (helmet restricted)
rElec   .          Harm     .   r - +2 cloak
rCorr   .          Rampage  .   (no gloves)
Will    ++...                   (no boots)
Stlth   ..........              T - amulet of the acrobat
HPRegen 1.26/turn               H - +4 ring of evasion
MPRegen 0.12/turn               I - ring of protection from cold

@: grasped by roots, strong-willed, regenerating, constricted, studying Axes
A: horns 2, retaliatory headbutt
a: Renounce Religion, Berserk, Trog's Hand, Brothers in Arms


You were on level 2 of the Orcish Mines.
You worshipped Trog.
Trog was extremely pleased with you.
You visited 2 branches of the dungeon, and saw 12 of its levels.
You also visited: Bailey.

You collected 954 gold pieces.

Inventory:

Hand Weapons
 a - the +10 war axe of Imevamisch (weapon) {drain, Str+4 Int+4}
   (You found it on level 6 of the Dungeon)

   A truly terrible weapon, it drains the life of any living foe it strikes.
   Str:       It affects your strength (+4).
   Int:       It affects your intelligence (+4).
 b - a +1 vorpal shortbow
   (You took it off a centaur on level 6 of the Dungeon)
 m - a +0 dire flail
   (You took it off Blork the orc on level 6 of the Dungeon)
 q - a +0 trident
   (You took it off an orc on level 4 of the Dungeon)
 y - a +1 flail of protection
   (You took it off an orc on level 3 of the Dungeon)
 A - a +0 flail of holy wrath
   (You took it off an orc on level 5 of the Dungeon)
 F - a +1 war axe
   (You took it off an orc on level 4 of the Dungeon)
 G - a +1 sling
   (You found it on level 1 of the Dungeon)
 L - a +2 antimagic hand axe
   (You took it off an orc on level 7 of the Dungeon)
Missiles
 w - 9 boomerangs
 x - 26 poisoned darts (quivered)
 P - a curare-tipped dart
 Q - 108 stones
 R - 3 atropa-tipped darts
 S - 8 throwing nets {!f}
Armour
 r - a +2 cloak (worn)
   (You found it on level 3 of the Dungeon)
 O - a +1 plate armour (worn)
   (You took it off a gnoll sergeant in a bailey)
Jewellery
 H - a +4 ring of evasion (left hand)
   (You found it on level 6 of the Dungeon)
 I - a ring of protection from cold (right hand)
   (You found it on level 7 of the Dungeon)
 J - a +6 ring of intelligence
   (You found it on level 6 of the Dungeon)
 N - a ring of positive energy
   (You took it off an orc warrior on level 9 of the Dungeon)
 T - an amulet of the acrobat (around neck)
   (You found it on level 9 of the Dungeon)
Wands
 c - a wand of light (16)
   (You found it on level 8 of the Dungeon)
 f - a wand of flame (12)
   (You found it on level 6 of the Dungeon)
 u - a wand of paralysis (4)
   (You took it off Ijyb on level 3 of the Dungeon)
 D - a wand of digging (1)
   (You found it in a bailey)
 U - a wand of mindburst (11)
   (You took it off a gnoll on level 6 of the Dungeon)
 W - a wand of roots (12)
   (You took it off Psyche on level 9 of the Dungeon)
Scrolls
 d - a scroll of summoning
 j - a scroll of torment {!r}
 k - 3 scrolls of immolation {!r}
 l - a scroll of butterflies
 p - 3 scrolls of fear
 t - a scroll of teleportation {@r4}
 v - 2 scrolls of poison {!r}
 B - a scroll of vulnerability {!r}
Potions
 e - a potion of heal wounds {@q2}
 g - 3 potions of resistance
 h - 5 potions of curing {@q1}
 n - 3 potions of lignification {!q}
 o - 3 potions of cancellation
 z - 2 potions of attraction {!q}
 C - a potion of flight {unknown}
 E - a potion of degeneration {unknown}
 K - 4 potions of might
Miscellaneous
 M - a condenser vane (inert)
   (You found it in a bailey)
 V - a phantom mirror
   (You found it on level 9 of the Dungeon)


   Skills:
 + Level 10.1 Fighting
 * Level 17.4 Axes
 * Level 11.8 Ranged Weapons
 - Level 2.4 Armour
 - Level 2.1 Dodging
 + Level 6.7 Evocations


You had 10 spell levels left.
You didn't know any spells.
Your spell library was empty.

Dungeon Overview and Level Annotations

Branches:
Dungeon (10/15)            Temple (0/1) D:4             Orc (2/2) D:10
 Bailey (visited)
   Lair: D:8-11         Elf: Orc:2

Altars:
Ru
Trog

Annotations:
Orc:2 Jorgrun


Innate Abilities, Weirdness & Mutations

You have a pair of horns on your head.
You reflexively headbutt those who attack you in melee.


Message History

Jorgrun says, "A few more walls knocked out 'ere an' thar an' 'tis whole place will come crashin' down."
Jorgrun gestures at you while chanting.
You shatter!
You hear a shout! x2
Jorgrun points at you and mumbles some strange words.
Jorgrun casts a spell at you.
Roots burst forth from the earth!
The grasping roots grab you! The grasping roots constrict you!
Jorgrun points at you and mumbles some strange words.
You shatter!!!
The grasping roots constrict you!
You hear a shout! x2
The grasping roots constrict you!
Jorgrun says, "I've ne'er se'n tha particular type o' rock formation 'fore."
The grasping roots constrict you!
You turn to flesh and can move again.
Your skin crawls.
You feel strong-willed. The grasping roots constrict you!
You feel stronger.
You feel clever.
You sense an unholy aura.
a - the +10 war axe of Imevamisch (weapon)
{drain, Str+4 Int+4} Jorgrun casts a spell at you.
You resist with almost no effort. The grasping roots constrict you!
* * * LOW HITPOINT WARNING * * *
You closely miss Jorgrun.
Jorgrun hits you with a +0 vorpal quarterstaff.
* * * LOW HITPOINT WARNING * * *
* * * LOW HITPOINT WARNING * * *
The grasping roots constrict you!
* * * LOW HITPOINT WARNING * * *
You hit Jorgrun. You slice Jorgrun!! You headbutt Jorgrun!
Jorgrun says, "May tha earth consume ye!"
Jorgrun casts a spell at you. You resist with almost no effort.
The grasping roots constrict you.
* * * LOW HITPOINT WARNING * * *
You miss Jorgrun.
Jorgrun mutters some incantations to himself.
Jorgrun hits you with a +0 vorpal quarterstaff!
* * * LOW HITPOINT WARNING * * *
* * * LOW HITPOINT WARNING * * *
The grasping roots constrict you!
* * * LOW HITPOINT WARNING * * *
You feel much better.
Jorgrun hits you with a +0 vorpal quarterstaff!
* * * LOW HITPOINT WARNING * * *
* * * LOW HITPOINT WARNING * * *
The grasping roots constrict you!
You die...

.... ..#.. ##
#..... . ##$
.... .. #.. ...
.. ##.##.# ..#
#...g## ...#..
#.@..###......
###...........
###.#.....####.
##.........# #
#..........# #
#....#.....# #
#..........# #
#...#......# #
##.......#.# #


You could see Jorgrun.

Vanquished Creatures
  Harold (D:9)
  A two-headed ogre (Orc:1)
  A centaur warrior (D:9)
  Pikel (D:8)
  An orc sorcerer (Orc:1)
  Psyche (D:9)
  3 trolls
  A slime creature (D:9)
  Prince Ribbit (D:6)
  A shadow (D:10)
  6 yaks
  Grum (Bailey)
  Eustachio (D:6)
  2 vampire mosquitoes (D:9)
  Menkaure (D:7)
  2 swamp worms (D:7)
  3 wargs (Orc:2)
  3 acid dragons
  Duvessa (D:6)
  2 water moccasins
  8 orc warriors
  4 ice beasts
  2 sky beasts
  2 black bears
  4 ogres
  4 centaurs
  5 wolves (Bailey)
  A lemure (D:8)
  3 kobold brigands
  Blork the orc (D:6)
  8 gnoll sergeants
  A bullfrog (D:9)
  3 scorpions
  9 wights (D:8)
  Dowan (D:6)
  5 killer bees (D:7)
  4 hounds
  4 jellies
  6 gnoll boudas
  10 orc priests
  Ijyb (D:3)
  Jessica (D:3)
  22 orc wizards
  An iguana (D:6)
  22 gnolls
  6 adders
  2 shadow imps
  2 white imps
  A howler monkey simulacrum (D:9)
  A worm (D:3)
  4 dart slugs
  42 orcs
  10 ball pythons
  6 endoplasms
  3 giant cockroaches
  7 goblins
  5 hobgoblins
  4 jackals (D:1)
  3 quokkas
  2 frilled lizards
  17 kobolds
  2 rats (D:1)
283 creatures vanquished.

Vanquished Creatures (collateral kills)
  An endoplasm (D:4)
1 creature vanquished.

Vanquished Creatures (others)
  8 plants
8 creatures vanquished.

Grand Total: 292 creatures vanquished

Notes
Turn   | Place    | Note
-------+----------+-------------------------------------------
     0 | D:1      | Pooter the Minotaur Berserker began the quest for the Orb.
     0 | D:1      | Reached XP level 1. HP: 19/19 MP: 0/0
   113 | D:1      | Reached skill level 4 in Axes
   170 | D:1      | Reached XP level 2. HP: 26/27 MP: 1/1
   431 | D:1      | Found a faded altar of an unknown god.
   790 | D:1      | You fall into a shaft and drop 1 floor!
   908 | D:1      | Reached XP level 3. HP: 33/33 MP: 2/2
   909 | D:1      | Reached ** piety under Trog
  1783 | D:3      | Reached skill level 5 in Axes
  1783 | D:3      | Reached skill level 1 in Ranged Weapons
  2015 | D:3      | Reached XP level 4. HP: 41/41 MP: 3/3
  2057 | D:3      | Noticed Jessica
  2061 | D:3      | Killed Jessica
  2337 | D:3      | Noticed Ijyb
  2351 | D:3      | Killed Ijyb
  2569 | D:4      | Reached XP level 5. HP: 45/47 MP: 4/4
  2639 | D:4      | Found a staircase to the Ecumenical Temple.
  2900 | D:4      | Reached skill level 6 in Axes
  2900 | D:4      | Reached skill level 1 in Evocations
  2900 | D:4      | Reached XP level 6. HP: 55/55 MP: 5/5
  3022 | D:4      | Reached skill level 5 in Fighting
  3479 | D:5      | Entered Level 5 of the Dungeon
  3534 | D:5      | Reached XP level 7. HP: 47/61 MP: 6/6
  3808 | D:5      | Reached skill level 7 in Axes
  4269 | D:5      | Reached skill level 5 in Ranged Weapons
  4334 | D:5      | Identified a scroll of acquirement
  4335 | D:5      | Acquired a manual of Axes
  4694 | D:6      | Noticed Duvessa
  4698 | D:6      | Noticed Dowan
  4704 | D:6      | Killed Duvessa
  4707 | D:6      | Killed Dowan
  4708 | D:6      | Reached skill level 8 in Axes
  4708 | D:6      | Reached XP level 8. HP: 70/70 MP: 7/7
  5072 | D:6      | Reached skill level 9 in Axes
  5157 | D:6      | Noticed Blork the orc
  5165 | D:6      | Killed Blork the orc
  5174 | D:6      | Identified the +10 war axe of Imevamisch {drain, Str+4
                  | Int+4}
  5280 | D:6      | Identified the +0 helmet of the Goldsmith {rC++}
  5286 | D:6      | Reached skill level 10 in Axes
  5416 | D:6      | Noticed Prince Ribbit
  5422 | D:6      | Noticed Eustachio
  5425 | D:6      | Killed Prince Ribbit
  5428 | D:6      | Killed Eustachio
  5429 | D:6      | Reached XP level 9. HP: 79/79 MP: 8/8
  5561 | D:7      | Noticed Menkaure
  5563 | D:7      | Killed Menkaure
  5564 | D:7      | Reached skill level 11 in Axes
  5592 | D:7      | Found a flagged portal.
  5632 | Bailey   | Entered a bailey
  6054 | Bailey   | Reached skill level 12 in Axes
  6172 | Bailey   | Reached *** piety under Trog
  6191 | Bailey   | Noticed Grum
  6200 | Bailey   | Reached skill level 13 in Axes
  6204 | Bailey   | Killed Grum
  6482 | D:7      | Upgraded the game from 0.29-a0-923-g6e406bff71 to
                  | 0.29-a0-925-g0a7a3d12f8
  6597 | D:7      | Reached XP level 10. HP: 88/88 MP: 9/9
  7150 | D:7      | Reached skill level 5 in Evocations
  7944 | D:8      | Found a bloodstained altar of Trog.
  7973 | D:8      | Found a sacrificial altar of Ru.
  7978 | D:8      | Reached skill level 14 in Axes
  8065 | D:8      | Noticed Pikel
  8081 | D:8      | Killed Pikel
  8305 | D:9      | Noticed Psyche
  8323 | D:8      | Reached skill level 10 in Ranged Weapons
  8424 | D:9      | Killed Psyche
  8425 | D:9      | Reached skill level 15 in Axes
  8955 | D:9      | Reached XP level 11. HP: 92/97 MP: 10/10
  9069 | D:9      | Noticed Harold
  9080 | D:9      | Killed Harold
  9083 | D:9      | Reached skill level 16 in Axes
  9243 | D:9      | Noticed a centaur warrior
  9270 | D:9      | Killed a centaur warrior
  9424 | D:10     | Entered Level 10 of the Dungeon
  9788 | D:10     | Found a staircase to the Orcish Mines.
  9800 | Orc:1    | Entered Level 1 of the Orcish Mines
  9814 | Orc:1    | Reached **** piety under Trog
  9820 | Orc:1    | Noticed a two-headed ogre
  9826 | Orc:1    | Killed a two-headed ogre
 10124 | Orc:1    | Noticed an orc sorcerer
 10129 | Orc:1    | Killed an orc sorcerer
 10135 | Orc:1    | Reached skill level 17 in Axes
 10230 | Orc:2    | Entered Level 2 of the Orcish Mines
 10237 | Orc:2    | Reached skill level 10 in Fighting
 10242 | Orc:2    | Reached ***** piety under Trog
 10753 | Orc:2    | Noticed Jorgrun
 10770 | Orc:2    | HP: 1/99 [constriction (11)]
 10771 | Orc:2    | Constricted to death by Jorgrun

Illustrated notes

Levels and vault maps discovered:
D:1:      matt_arrival_refuge, layout_basic, basic_ecumenical_altar,
          dreamdust_wishing_well, serial_bayou_pond_a, chequers_big_river
D:2:      layout_loops_cross, minmay_door_square
D:3:      layout_basic, chequers_serial_rivers_marsh, uniq_ijyb, uniq_jessica
D:4:      layout_cave_pods, temple_hall_moat
D:5:      wander_river, layout_loops_ring
D:6:      layout_rooms, uniq_eustachio, uniq_blork_the_orc, uniq_duvessa,
          uniq_prince_ribbit1
D:7:      layout_loops_cross, enter_bailey_2, nicolae_eternal_life,
          worms_lemuel, uniq_menkaure
D:8:      layout_basic, nicolae_overflow_squiral, uniq_pikel
D:9:      hellmonk_destroyed_diamonds, layout_cross, grunt_tough_drop,
          uniq_harold, uniq_psyche
D:10:     layout_stronghold, orc_0_dummy
Orc:1:    layout_diamond_mine, mines4_lemuel
Orc:2:    pf_orc_diabolical, layout_caves, lightli_orcish_oven, uniq_jorgrun

Skill      XL: |  1  2  3  4  5  6  7  8  9 10 11 |
---------------+----------------------------------+-----
Axes           | 4 5 6 8 10 13 15 17 | 17.4
Fighting       | 4 5 6 7 8 9 10 | 10.1
Ranged Weapons | 1 2 3 4 5 7 8 10 11 | 11.8
Evocations     | 1 2 3 4 5 6 |  6.7
Armour         | |  2.4
Dodging        | |  2.1

Action                   |  1- 3 |  4- 6 |  7- 9 | 10-12 || total
-------------------------+-------+-------+-------+-------++-------
Melee: Hand axe          |    56 |     7 |       |       ||    63
       Headbutt          |     8 |     6 |    26 |    32 ||    72
       Flail             |       |    39 |       |       ||    39
       War axe           |       |    13 |   152 |   164 ||   329
       Punch             |       |       |       |     2 ||     2
 Fire: Sling             |    36 |    30 |    44 |       ||   110
       Shortbow          |       |       |    14 |    49 ||    63
Throw: Stone             |     2 |       |       |       ||     2
       Dart              |       |       |     3 |       ||     3
Invok: Berserk           |     2 |     4 |     9 |     1 ||    16
       Trog's Hand       |       |     3 |    10 |     6 ||    19
Evoke: Wand              |       |       |     9 |    31 ||    40
       Condenser vane    |       |       |       |     1 ||     1
  Use: Scroll            |     1 |     7 |     6 |    11 ||    25
       Potion            |       |     2 |       |     1 ||     3
 Stab: Paralysed         |       |       |     7 |       ||     7
Armor: Animal skin       |     3 |       |       |       ||     3
       Scale mail        |    10 |    33 |    31 |       ||    74
       Chain mail        |       |       |    37 |       ||    37
       Plate armour      |       |       |     2 |    63 ||    65
Dodge: Dodged            |    38 |    35 |   105 |    95 ||   273

Table legend: (Time is in decaauts)
 A = Elapsed time spent in this place.
 B = Non-inter-level travel time spent in this place.
 C = Inter-level travel time spent in this place.
 D = Time resting spent in this place.
 E = Time spent auto-exploring this place.
 F = Levels seen in this place.
 G = Mean time per level.
                   A        B        C        D        E       F      G
               +--------+--------+--------+--------+--------+-----+--------+
         Total |  10958 |  10740 |    218 |   2348 |   6102 |  13 |  842.9 |
       Dungeon |   9135 |   8939 |    196 |   1807 |   5515 |  10 |  913.5 |
  Orcish Mines |    961 |    939 |     22 |    107 |    455 |   2 |  480.5 |
        Bailey |    861 |    861 |      0 |    433 |    132 |   1 |  861.0 |
               +--------+--------+--------+--------+--------+-----+--------+

Top non-repeatable levels by time:
     D:5: 1269 daAuts
     D:1: 1122 daAuts
     D:7: 1065 daAuts
     D:9: 1041 daAuts
     D:4: 1000 daAuts
     D:8: 957 daAuts
  Bailey: 861 daAuts
     D:6: 846 daAuts
     D:3: 838 daAuts
   Orc:1: 687 daAuts
     D:2: 668 daAuts
    D:10: 326 daAuts
   Orc:2: 274 daAuts
